 Dungeon Crawl Stone Soup version 0.20-a0-77-g476458c (webtiles) character file.

186 KristoblXynda the Charmwright (level 5, -1/41 HPs)
             Began as a Draconian Skald on Nov 19, 2016.
             Killed from afar by an orc wizard (9 damage)
             ... with a puff of frost
             ... on level 3 of the Dungeon.
             The game lasted 00:05:39 (2429 turns).

KristoblXynda the Charmwright (Draconian Skald)     Turns: 2429, Time: 00:05:39

Health: -1/41      AC:  6    Str: 15    XL:     5   Next: 38%
Magic:  5/8        EV: 12    Int: 13    God:
Gold:   130        SH:  0    Dex: 10    Spells: 1 memorised, 7 levels left

rFire  . . .     SeeInvis .       - Unarmed
rCold  . . .     Gourm    .     (armour unavailable)
rNeg   . . .     Faith    .     (no shield)
rPois  .         Spirit   .     (helmet restricted)
rElec  .         Reflect  .     (no cloak)
rCorr  .         Harm     .     k - +0 pair of gloves
MR     .....     Rnd*Tele +     (no boots)
Stlth  +.........               (no amulet)
                                (no ring)
                                g - ring of teleportation (curse)

@: infused
A: unfitting armour, cold-blooded, AC +5
a: no special abilities


You were on level 3 of the Dungeon.
You were not hungry.

You visited 1 branch of the dungeon, and saw 3 of its levels.

You collected 130 gold pieces.

Inventory:

Missiles
 e - 6 javelins (quivered)
Armour
 k - a +0 pair of gloves (worn)
Jewellery
 g - a cursed ring of teleportation (left hand)
Scrolls
 i - a scroll of identify
 j - a scroll of enchant weapon
 n - a scroll of recharging
Potions
 c - a potion of might {unknown}
 o - a potion of flight
Books
 a - a book of Battle

   Spells                             Type                      Level
   a - Infusion                       Charms                       1
   b - Shroud of Golubria             Charms/Translocation         2
   c - Song of Slaying                Charms                       2
   d - Spectral Weapon                Hexes/Charms                 3
   e - Regeneration                   Charms/Necromancy            3
Comestibles
 b - 2 bread rations
 d - 2 chunks of flesh


   Skills:
 - Level 2.1 Fighting
 + Level 2.9 Dodging
 + Level 3.5 Unarmed Combat
 - Level 2.0 Spellcasting
 + Level 4.0 Charms


You had 7 spell levels left.
You knew the following spells:

 Your Spells              Type           Power        Failure   Level  Hunger
a - Infusion              Chrm           ##..         6%          1    ##.....


Dungeon Overview and Level Annotations

Branches:
Dungeon (3/15)

Altars:


Innate Abilities, Weirdness & Mutations

Your plain brown scales are hard. (AC +5)
You cannot fit into any form of body armour.
You are cold-blooded and may be slowed by cold attacks.


Message History

You hit the orc wizard!
You kill the orc wizard!
Your Charms skill increases to level 4!
You barely miss something. You tail-slap something. You miss something.
Something hits you but does no damage.
You miss something. Something hits you but does no damage.
You closely miss something. Something hits you.
You barely miss something. Something hits you but does no damage.
You barely miss something. You miss something.
Your tail-slap misses something.
Something hits you.
* * * LOW HITPOINT WARNING * * *
You miss something. Something hits you.
* * * LOW HITPOINT WARNING * * *
You miss something.
Your tail-slap misses something.
Something hits you but does no damage.
You miss something. You punch something.
You hear some strange, mumbled words.
A puff of frost appears from out of thin air!
The puff of frost hits you!
You die...

,,,* #.#.* #.##..#
***********###.#.###..#..#
,,,,,,,,,,,.......###.#..##
******,,,,,,*#.#.......<..#
,,,,,+,,,,,...............#
******,,,,,.##.#......#...#######
*,,,,,,*#.#.##...#.........#
*,,,,,,*#.#.##)............#
*,,,,,,*#.#@#..............#
****,,,##.#{#.#.#...........
*,,,#....#.#.#.(.........
*,,,#....#.#.#...........
****#....#.............#.
*******######....###...........#.
,,,,,,,........................#.
+##*****#####....#.............#.
..# ****#.......................


There were no monsters in sight!

Vanquished Creatures
  An orc wizard (D:3)
  8 adders
  2 oozes
  A worm (D:3)
  A dart slug (D:1)
  4 leopard geckos
  4 orcs
  A ball python (D:2)
  6 bats
  3 giant cockroaches
  5 goblins
  8 hobgoblins
  8 kobolds
  2 quokkas (D:2)
  4 frilled lizards
  8 rats
66 creatures vanquished.

Notes
Turn   | Place    | Note
-------+----------+-------------------------------------------
     0 | D:1      | KristoblXynda the Draconian Skald began the quest for the Orb.
     0 | D:1      | Reached XP level 1. HP: 17/17 MP: 3/3
   132 | D:1      | Reached XP level 2. HP: 24/24 MP: 5/5
   168 | D:1      | Reached skill level 3 in Charms
   731 | D:2      | Reached XP level 3. HP: 26/29 MP: 0/6
  1185 | D:2      | Reached XP level 4. HP: 36/36 MP: 7/7
  2241 | D:2      | Reached XP level 5. HP: 25/41 MP: 8/8
  2419 | D:3      | Reached skill level 4 in Charms
  2429 | D:3      | Killed from afar by an orc wizard

Vault maps used:
D:1:      sevenhm_arrival_forest_fort_small_3
D:2:      minmay_goblin_kobold_house
D:3:      chequers_ecumenical_altar_simple_redux,
          nicolae_ru_great_annihilating_truth, uniq_terence

Skill      XL: |  1  2  3  4  5 |
---------------+----------------+-----
Charms         | 3 4 |  4.0
Dodging        | 2 |  2.9
Unarmed Combat | 3 |  3.5
Fighting       | |  2.1
Spellcasting   | |  2.0

Action                   |  1- 3 |  4- 6 || total
-------------------------+-------+-------++-------
Melee: Unarmed           |   132 |   205 ||   337
       Tailslap          |    10 |    16 ||    26
       Punch             |       |     3 ||     3
 Cast: Infusion          |     5 |     7 ||    12
  Use: Potion            |     3 |     1 ||     4
       Scroll            |       |     8 ||     8
 Stab: Sleeping          |       |     1 ||     1
  Eat: Chunk             |     1 |     1 ||     2
       Bread ration      |       |     1 ||     1
       Royal jelly       |       |     1 ||     1
Armor: Skin              |    36 |   102 ||   138
Dodge: Dodged            |    99 |   169 ||   268
